 Dungeon Crawl Stone Soup version 0.23-a0-612-gcb482e9 (webtiles) character file.

131 Borgoz the Ruffian (level 5, -1/46 HPs)
             Began as a Ghoul Abyssal Knight on Dec 21, 2018.
             Was a Believer of Lugonu.
             Killed from afar by an orc wizard (8 damage)
             ... with a magic dart
             ... on level 3 of the Dungeon.
             The game lasted 00:03:18 (1966 turns).

Borgoz the Ruffian (Ghoul Abyssal Knight)           Turns: 1966, Time: 00:03:19

Health: -1/46      AC:  6    Str: 16    XL:     5   Next: 14%
Magic:  5/5        EV:  9    Int:  7    God:    Lugonu [**....]
Gold:   158        SH:  0    Dex:  9    Spells: 4/4 levels left

rFire    . . .     SeeInvis .     - Unarmed
rCold    + . .     Gourm    .   (no shield)
rNeg     + + +     Faith    .   h - +0 scale mail (curse)
rPois    ∞         Spirit   .   (no helmet)
rElec    .         Reflect  .   (no cloak)
rCorr    .         Harm     .   (no gloves)
MR       .....                  (no boots)
Stlth    ..........             (no amulet)
HPRegen  0.00/turn              (no ring)
MPRegen  0.09/turn              (no ring)

@: rotting
A: rotting body, claws 1, carnivore, cold resistance 1, negative energy
resistance 3, inhibited regeneration, torment resistance, unbreathing
a: Depart the Abyss, Bend Space, Renounce Religion


You were on level 3 of the Dungeon.
You worshipped Lugonu.
Lugonu was pleased with you.
You were not hungry.

You visited 1 branch of the dungeon, and saw 3 of its levels.
You visited the Abyss 1 time.

You collected 158 gold pieces.

Inventory:

Armour
 h - a cursed +0 scale mail (worn)
Jewellery
 p - an uncursed ring of fire {unknown}
Wands
 l - a wand of digging (6)
Scrolls
 e - 3 scrolls of random uselessness {unknown}
 g - 3 scrolls of identify {unknown}
 i - a scroll of noise {unknown}
 j - 4 scrolls of fog {unknown}
 n - a scroll of remove curse {unknown}
 r - a scroll of enchant armour {unknown}
Potions
 c - 2 potions of curing
 d - a potion of brilliance {unknown}
 k - a potion of cancellation {unknown}
 m - a potion of ambrosia {unknown}
 o - a potion of degeneration {unknown}
 q - a potion of lignification {unknown}
Miscellaneous
 f - a lightning rod (4/4)
Comestibles
 a - 6 chunks of flesh
 b - 7 rations


   Skills:
 + Level 3.6 Fighting
 + Level 3.1 Armour
 + Level 1.0 Dodging
 + Level 3.9 Unarmed Combat
 + Level 2.5 Invocations


You had 4 spell levels left.
You didn't know any spells.
Your spell library was empty.

Dungeon Overview and Level Annotations

Branches:
Dungeon (3/15)

Altars:
Kikubaaqudgha


Innate Abilities, Weirdness & Mutations

Your body is rotting away.
You thrive on raw meat.
You are immune to poison.
You have sharp fingernails.
You are carnivorous and can eat meat at any time.
Your flesh is cold resistant. (rC+)
You are immune to negative energy. (rN+++)
You do not regenerate when monsters are visible.
You are immune to unholy pain and torment.
You can survive without breathing.


Message History

A hobgoblin comes into view. It is wielding a +0 club.
Something hits you but does no damage.
You miss something.
The hobgoblin shouts!
You closely miss something. Something hits you but does no damage.
You scratch something. Something hits you.
* * * LOW HITPOINT WARNING * * *
You closely miss something. Something hits you.
* * * LOW HITPOINT WARNING * * *
Your scale mail prevents you from hitting something.
Something hits you but does no damage.
It was a potion of curing.
You feel better. The hobgoblin barely misses you. Something hits you.
* * * LOW HITPOINT WARNING * * *
You closely miss something.
The hobgoblin hits you but does no damage.
You hear some strange, mumbled words.
A magic dart appears from out of thin air!
The magic dart hits you!
You die...

...#.## .......
......##........
...#............
................
....÷...........
...#............
####......##.#..##
..##.........##)g####
......#.....####@...#
..#.[...............#
..###......#........#
..###...##..........#
..##...#####...##....#
..##.#.###...###
...... .........#.###
...###. .............#
...# .........##''##
...#


You could see a hobgoblin.

Vanquished Creatures
  An orc wizard (D:3)
  4 adders (D:2)
  2 worms
  4 dart slugs
  A leopard gecko (D:2)
  3 orcs (D:3)
  4 giant cockroaches
  4 goblins (D:2)
  9 hobgoblins
  4 jackals
  7 kobolds
  A quokka (D:2)
  2 ball pythons
  A bat (D:2)
  2 frilled lizards (D:2)
  4 rats
53 creatures vanquished.

Notes
Turn   | Place    | Note
-------+----------+-------------------------------------------
     0 | Abyss:1  | Borgoz the Ghoul Abyssal Knight began the quest for the
                  | Orb.
     0 | Abyss:1  | Reached XP level 1. HP: 19/19 MP: 1/1
    51 | Abyss:1  | Noticed a small abomination
   119 | Abyss:2  | Noticed an ancient zyme
   134 | Abyss:2  | Noticed a flying skull
   136 | Abyss:2  | Noticed a small abomination
   137 | D:1      | Escaped the Abyss
   234 | D:1      | Reached XP level 2. HP: 12/26 MP: 2/2
   479 | D:1      | Reached * piety under Lugonu
   479 | D:1      | Reached skill level 1 in Dodging
   699 | D:2      | Reached XP level 3. HP: 20/31 MP: 3/3
   898 | D:2      | Reached XP level 4. HP: 32/40 MP: 4/4
  1213 | D:2      | Reached ** piety under Lugonu
  1367 | D:2      | Found an ancient bone altar of Kikubaaqudgha.
  1952 | D:3      | Reached XP level 5. HP: 7/46 MP: 5/5
  1963 | D:3      | HP: 1/46 [something (2)]
  1966 | D:3      | Killed from afar by an orc wizard

Vault maps used:
D:1:      wander_arrival_estate
D:2:      overflow_temple_1_default, first_ration, minmay_small_reverse_x
D:3:      minivault_19, kennysheep_generic_room_3
Abyss:2:  hangedman_abyss_feature_spike

Skill      XL: |  1  2  3  4 |
---------------+-------------+-----
Dodging        | 1 |  1.0
Armour         | 2 3 |  3.1
Unarmed Combat | 3 |  3.9
Fighting       | |  3.6
Invocations    | |  2.5

Action                   |  1- 3 |  4- 6 || total
-------------------------+-------+-------++-------
Melee: Unarmed           |   105 |   117 ||   222
Invok: Depart the Abyss  |     1 |       ||     1
  Use: Potion            |       |     1 ||     1
  Eat: Chunk             |     7 |     2 ||     9
Armor: Scale mail        |    41 |    57 ||    98
       Leather armour    |     1 |       ||     1
Dodge: Dodged            |    45 |    46 ||    91

Table legend:
 A = Non-vault XP
 B = Vault XP
 C = Vault XP percentage of total XP
 D = Non-vault monster count
 E = Vault monster count
 F = Vault count percentage of total count
                 A         B        C        D         E       F
            +---------+---------+-------+---------+---------+-------
      Total |     177 |      11 |   5.9 |      49 |       4 |   7.5
            +---------+---------+-------+---------+---------+-------
        D:1 |      29 |       0 |   0.0 |      13 |       0 |   0.0
        D:2 |      85 |      11 |  11.5 |      23 |       4 |  14.8
        D:3 |      63 |       0 |   0.0 |      13 |       0 |   0.0
            +---------+---------+-------+---------+---------+-------
